 Dungeon Crawl Stone Soup version 0.23.2-33-g5129a83184 (webtiles) character file.

Game seed: 7289213068863775102

12981 funkygono the Basher (level 12, -1/72 HPs)
             Began as a Gargoyle Fighter on July 10, 2019.
             Was a Priest of Makhleb.
             Headbutted by a minotaur (13 damage)
             ... in a Gauntlet on July 11, 2019.
             The game lasted 00:36:51 (9538 turns).

funkygono the Basher (Gargoyle Fighter)             Turns: 9538, Time: 00:36:51

Health: -1/72      AC: 23    Str: 23    XL:     12   Next: 1%
Magic:  14/14      EV: 13    Int: 10    God:    Makhleb [***...]
Gold:   501        SH:  0    Dex: 13    Spells: 11/11 levels left

rFire    . . .     SeeInvis +   L - +5 mace of the Past {flame, rF+ Dex+3}
rCold    + . .     Gourm    .   c - +2 shield
rNeg     + + +     Faith    .   r - +0 acid dragon scales
rPois    ∞         Spirit   .   b - +2 helmet of Wujy {*Contam rC+ rN++ MR+}
rElec    +         Reflect  +   U - scarf {repulsion}
rCorr    +         Harm     .   (no gloves)
MR       +++..     NoTele   +   R - +2 pair of boots {Fly}
Stlth    +.........             S - +6 amulet of reflection
HPRegen  0.22/turn              n - ring "Kufrudoh" {rPois rF- rN+ MR++ SInv}
MPRegen  0.14/turn              p - ring of positive energy

@: confused, flying, repel missiles
A: negative energy resistance 1, electricity resistance, unbreathing,
petrification resistance, rot immunity, AC +8
a: Minor Destruction, Lesser Servant of Makhleb, Renounce Religion, Stop Flying


You were in a Gauntlet.
You worshipped Makhleb.
Makhleb was most pleased with you.
You were very hungry.

You visited 3 branches of the dungeon, and saw 12 of its levels.
You also visited: Ossuary and Gauntlet.

You collected 501 gold pieces.

Inventory:

Hand Weapons
 E - a +1 whip of freezing
 L - the +5 mace of the Past (weapon) {flame, rF+ Dex+3}
   (You took it off a wight on level 7 of the Dungeon)

   It has been specially enchanted to burn those struck by it, causing extra
   injury to most foes and up to half again as much damage against particularly
   susceptible opponents.
   It affects your dexterity (+3).
   It protects you from fire.
Missiles
 e - 347 stones (quivered)
 q - 188 arrows
 v - 74 bolts
Armour
 b - the +2 helmet of Wujy (worn) {*Contam rC+ rN++ MR+}
   (You found it in a Gauntlet)

   It protects you from cold.
   It greatly protects you from negative energy.
   It affects your resistance to hostile enchantments.
   It causes magical contamination when unequipped.
 c - a +2 shield (worn)
 r - +0 acid dragon scales (worn)
 J - a +1 helmet
 R - a +2 pair of boots of flying (worn)
 U - a scarf of repulsion (worn)
Jewellery
 a - an uncursed amulet of magic regeneration
 g - an uncursed ring of stealth
 n - the ring "Kufrudoh" (left hand) {rPois rF- rN+ MR++ SInv}
   (You found it in a Gauntlet)

   [ring of positive energy]

   It makes you vulnerable to fire.
   It protects you from poison.
   It protects you from negative energy.
   It affects your resistance to hostile enchantments.
   It lets you see invisible.
 o - an uncursed amulet of regeneration
 p - a ring of positive energy (right hand)
 S - a +6 amulet of reflection (around neck)
Wands
 C - a wand of digging (1)
Scrolls
 d - a scroll of torment {unknown}
 h - 6 scrolls of identify
 j - 2 scrolls of blinking
 k - 5 scrolls of teleportation
 s - 7 scrolls of remove curse
 u - a scroll of magic mapping
 F - 2 scrolls of fog
Potions
 i - 2 potions of cancellation
 l - 4 potions of brilliance
 m - 4 potions of heal wounds
 t - 2 potions of ambrosia
 x - 2 potions of magic
 z - 5 potions of curing
 B - 3 potions of agility
 N - a potion of haste
Comestibles
 f - 13 rations


   Skills:
 + Level 7.5 Fighting
 + Level 11.4 Maces & Flails
 + Level 7.7 Armour
 + Level 4.3 Dodging
 + Level 4.4 Stealth
 + Level 11.2 Shields
 + Level 3.0 Invocations


You had 11 spell levels left.
You didn't know any spells.
Your spell library contained the following spells:

 Spells                   Type           Power        Failure   Level  Hunger
 Confusing Touch          Hex            #.....       58%         1    ##.....
 Shock                    Conj/Air       #...         58%         1    ##.....
 Swiftness                Chrm/Air       #.......     75%         2    ###....
 Confuse                  Hex            #.......     92%         3    ####...
 Gell's Gravitas          Tloc           #.........   92%         3    ####...
 Static Discharge         Conj/Air       #.......     92%         3    ####...
 Airstrike                Air            #.........   100%        4    #####..
 Petrify                  Tmut/Erth      #.......     100%        4    #####..
 Lightning Bolt           Conj/Air       #.........   100%        5    ######.
 Metabolic Englaciation   Hex/Ice        #.........   100%        5    ######.
 Yara's Violent Unravell  Hex/Tmut       #.........   100%        5    ######.


Dungeon Overview and Level Annotations

Branches:
Dungeon (10/15)            Temple (1/1) D:5            Lair (1/6) D:10
    Orc: D:9-12

Altars:
Ashenzari
Cheibriados
Dithmenos
Elyvilon
Fedhas
Gozag
Hepliaklqana
Makhleb
Nemelex Xobeh
Okawaru
Qazlal
Ru
Sif Muna
Trog
Uskayaw
Vehumet
Wu Jian
Xom
Yredelemnul
Zin
The Shining One

Shops:
D:8 *:*

Annotations:
D:3 2 transporters
D:6 2 transporters, OwlQaeda's ghost, novice DsAK
D:9 3 runed translucent doors
D:10 2 runed translucent doors, Frank's ghost, novice OpFi Gauntlet 10 transporters, exclusion: 2 lightning spires


Innate Abilities, Weirdness & Mutations

You are resistant to torment.
Your stone body is resilient. (AC +8)
You are immune to poison.
You resist negative energy. (rN+)
You are resistant to electric shocks. (rElec)
You can survive without breathing.
You are immune to petrification.
You are immune to rotting.


Message History

You barely miss the minotaur.
The minotaur furiously retaliates!
The minotaur headbutts you, but does no damage.
The minotaur is heavily wounded.
You barely miss the minotaur.
The minotaur is heavily wounded.
The minotaur completely misses you. You block the minotaur's attack.
Unknown command.
Okay, then.
You are confused.
You feel invigorated. The minotaur hits you with a +0 flail!
The minotaur gores you but does no damage.
You hit the minotaur. You burn the minotaur.
The minotaur is heavily wounded.
The minotaur hits you with a +0 flail!!
* * * LOW HITPOINT WARNING * * *
The minotaur barely misses you.
Unknown command.
You closely miss the minotaur.
The minotaur furiously retaliates!
The minotaur headbutts you!
You die...

#≈8≈#..##.
######...#..#..
#...##.8.#####.
#.#.##.....©#.#
#.#....8.####..
#.#.##...#..#..
###+###...##.8.#..###
#..⌠.##.#.##...#≈....
+⌠.H@.'.#....8.#∩....
#...∩##.#.##...#≈....
#.⌠..##...##.8.#..###
##+####.#.##...#..#W.
#.#....8.#####^
#.#.##.....©#^.
#...##.8.####..
######...#..#.#
#..#.^


You could see a minotaur.

Vanquished Creatures
  A hydra (Lair:1)
  2 two-headed ogres
  An obsidian statue (Gauntlet)
  An orange crystal statue (Gauntlet)
  Pikel (D:7)
  A worldbinder (Gauntlet)
  A centaur skeleton (D:10)
  A queen bee (D:9)
  2 hornets
  6 polar bears (Lair:1)
  A hippogriff (D:7)
  Sigmund (D:3)
  4 yaks (Lair:1)
  A steam dragon (D:9)
  2 water moccasins (Lair:1)
  An acid dragon (D:9)
  5 porcupines
  2 orc warriors
  2 sky beasts
  7 black bears
  An ice beast (D:9)
  A boggart (Gauntlet)
  A necrophage (D:6)
  A phantom (D:5)
  6 ogres
  2 centaurs
  2 crocodiles
  8 bullfrogs
  A water moccasin zombie (D:8)
  2 scorpions
  21 killer bees (D:9)
  5 wights
  A crimson imp (D:5)
  4 howler monkeys
  3 centaur zombies
  5 orc wizards
  An orc priest (D:6)
  3 hounds
  3 bullfrog skeletons
  Jessica (D:2)
  3 iguanas
  4 worker ants
  4 big kobold zombies (Ossuary)
  2 hound skeletons
  6 mummies (Ossuary)
  3 worker ant zombies
  8 adders
  2 shadow imps (D:8)
  An ooze (D:1)
  An adder skeleton (D:8)
  5 worms
  3 dart slugs
  2 leopard geckos
  27 orcs
  A ball python (D:4)
  3 bat zombies (D:9)
  3 giant cockroaches
  13 goblins
  5 hobgoblins
  9 jackals
  6 quokkas
  5 bats
  5 frilled lizards
  2 hobgoblin zombies (Ossuary)
  10 kobolds
  A leopard gecko skeleton (D:5)
  A quokka zombie (D:8)
  9 rats
  2 rat zombies (D:9)
261 creatures vanquished.

Vanquished Creatures (others)
  3 slaves (D:7)
  A centaur (D:10)
  3 wights (D:7)
  A worker ant (D:7)
  13 demonic plants (Gauntlet)
  A fungus (Lair:1)
22 creatures vanquished.

Grand Total: 283 creatures vanquished

Notes
Turn   | Place    | Note
-------+----------+-------------------------------------------
     0 | D:1      | funkygono the Gargoyle Fighter began the quest for the Orb.
     0 | D:1      | Reached XP level 1. HP: 14/14 MP: 1/1
   251 | D:1      | Reached XP level 2. HP: 19/19 MP: 2/2
   644 | D:1      | Found a white marble altar of Elyvilon.
   647 | D:1      | Reached XP level 3. HP: 23/23 MP: 3/3
  1489 | D:2      | Noticed Jessica
  1509 | D:2      | Killed Jessica
  1509 | D:2      | Reached XP level 4. HP: 29/29 MP: 4/4
  1591 | D:2      | Found a shadowy altar of Dithmenos.
  1970 | D:3      | Reached XP level 5. HP: 33/33 MP: 5/5
  1984 | D:3      | Found a transporter.
  2138 | D:3      | Noticed Sigmund
  2166 | D:3      | Killed Sigmund
  2166 | D:3      | Reached XP level 6. HP: 20/38 MP: 6/6
  2455 | D:3      | Found a transporter.
  2557 | D:4      | Reached skill level 1 in Stealth
  2589 | D:4      | Found a blossoming altar of Fedhas.
  2590 | D:4      | Found a sparkling altar of Nemelex Xobeh.
  2590 | D:4      | Found an iron altar of Okawaru.
  2592 | D:4      | Found an opulent altar of Gozag.
  2595 | D:4      | Found a snail-covered altar of Cheibriados.
  2865 | D:4      | Found a bloodstained altar of Trog.
  2937 | D:4      | Reached skill level 5 in Maces & Flails
  2937 | D:4      | Reached XP level 7. HP: 19/44 MP: 7/7
  2997 | D:4      | Found a white marble altar of Elyvilon.
  3033 | D:4      | Found a sacrificial altar of Ru.
  3036 | D:4      | Found a stormy altar of Qazlal.
  3039 | D:4      | Found a radiant altar of Vehumet.
  3444 | D:4      | Found a glowing golden altar of the Shining One.
  3479 | D:5      | Entered Level 5 of the Dungeon
  3537 | D:5      | Reached skill level 5 in Shields
  3628 | D:5      | Found a staircase to the Ecumenical Temple.
  3725 | D:5      | Reached skill level 5 in Armour
  3749 | D:5      | Reached skill level 1 in Dodging
  3818 | Temple   | Entered the Ecumenical Temple
  3989 | Temple   | Became a worshipper of Makhleb the Destroyer
  4082 | D:5      | Reached XP level 8. HP: 47/48 MP: 6/8
  4508 | D:6      | Reached skill level 5 in Fighting
  4530 | D:6      | Noticed a queen bee
  4530 | D:6      | Noticed a hornet
  4557 | D:6      | Noticed OwlQaeda's ghost (novice DsAK)
  4562 | D:6      | Found a transporter.
  4566 | D:6      | Found a transporter.
  4979 | D:7      | Noticed Pikel
  5004 | D:7      | Killed Pikel
  5004 | D:7      | Reached XP level 9. HP: 55/55 MP: 9/9
  5100 | D:7      | Reached * piety under Makhleb
  5386 | D:7      | Identified the +5 mace of the Past {flame, rF+ Dex+3}
  5553 | D:7      | Noticed a hornet
  5563 | D:7      | Killed a hornet
  5910 | D:8      | Noticed a hornet
  5922 | D:8      | Killed a hornet
  5935 | D:8      | Found an ornate altar of the Wu Jian Council.
  6044 | D:8      | Found Meceoc's Book Shop.
  6257 | D:8      | Found a sand-covered staircase.
  6264 | Ossuary  | Entered an ossuary
  6270 | Ossuary  | Reached XP level 10. HP: 60/60 MP: 10/10
  6307 | Ossuary  | Reached ** piety under Makhleb
  6442 | D:8      | Found Fonet's General Store.
  6566 | D:8      | Found Opoaxto's Assorted Antiques.
  6778 | D:9      | Found a runed translucent door.
  6789 | D:9      | Found a runed translucent door.
  6801 | D:9      | Found a runed translucent door.
  6845 | D:9      | Reached skill level 10 in Maces & Flails
  7007 | D:9      | Reached *** piety under Makhleb
  7007 | D:9      | Noticed a two-headed ogre
  7030 | D:9      | Killed a two-headed ogre
  7391 | D:9      | You are sucked into a shaft!
  7391 | D:10     | Entered Level 10 of the Dungeon
  7479 | D:10     | Reached XP level 11. HP: 66/66 MP: 11/11
  7547 | D:10     | Noticed a two-headed ogre
  7561 | D:10     | Killed a two-headed ogre
  7561 | D:10     | Reached skill level 1 in Invocations
  7588 | D:10     | Found a large runed translucent door.
  7588 | D:10     | Found a large runed translucent door.
  7590 | D:10     | Noticed Frank's ghost (novice OpFi)
  7771 | D:10     | Reached skill level 10 in Shields
  8011 | D:10     | Found a staircase to the Lair.
  8392 | Lair:1   | Entered Level 1 of the Lair of Beasts
  8572 | Lair:1   | Noticed a six-headed hydra
  8598 | Lair:1   | Killed a six-headed hydra
  8907 | Lair:1   | Found a gate leading to a gauntlet.
  8916 | Gauntlet | Entered a Gauntlet
  8916 | Gauntlet | Found a transporter.
  8916 | Gauntlet | Found a transporter.
  8923 | Gauntlet | Found a transporter.
  8925 | Gauntlet | Noticed a worldbinder
  8937 | Gauntlet | Found a transporter.
  8951 | Gauntlet | Found a transporter.
  8964 | Gauntlet | Found a transporter.
  9057 | Gauntlet | Found a transporter.
  9068 | Gauntlet | Found a transporter.
  9081 | Gauntlet | Noticed a hell hog
  9082 | Gauntlet | Found a transporter.
  9095 | Gauntlet | Found a transporter.
  9097 | Gauntlet | Noticed a death scarab
  9112 | Gauntlet | Found a transporter.
  9179 | Gauntlet | Found a transporter.
  9183 | Gauntlet | Noticed a spectral death yak
  9187 | Gauntlet | Found a transporter.
  9189 | Gauntlet | Noticed an orange crystal statue
  9189 | Gauntlet | Noticed a death scarab
  9191 | Gauntlet | Found a transporter.
  9194 | Gauntlet | Found a transporter.
  9200 | Gauntlet | Found a transporter.
  9200 | Gauntlet | Noticed an obsidian statue
  9324 | Gauntlet | Noticed a manticore
  9342 | Gauntlet | Killed a worldbinder
  9389 | Gauntlet | Noticed a necromancer
  9392 | Gauntlet | Noticed a tengu warrior
  9406 | Gauntlet | Killed an orange crystal statue
  9420 | Gauntlet | Got a smoking helmet
  9435 | Gauntlet | Identified the +2 helmet of Wujy {*Contam rC+ rN++ MR+}
                  | (You found it in a Gauntlet)
  9471 | Gauntlet | Noticed a soul eater
  9478 | Gauntlet | Killed an obsidian statue
  9478 | Gauntlet | Reached XP level 12. HP: 72/72 MP: 8/14
  9486 | Gauntlet | Got a faintly glowing bronze ring
  9489 | Gauntlet | Identified the ring "Kufrudoh" {rPois rF- rN+ MR++ SInv}
                  | (You found it in a Gauntlet)
  9518 | Gauntlet | Noticed a minotaur
  9538 | Gauntlet | Headbutted by a minotaur

Skill      XL: |  1  2  3  4  5  6  7  8  9 10 11 |
---------------+----------------------------------+-----
Armour         | 4 5 6 7 |  7.7
Shields        | 4 5 6 7 9 11 | 11.2
Maces & Flails | 3 4 5 8 9 10 11 | 11.4
Fighting       | 4 5 6 7 |  7.5
Stealth        | 1 3 4 |  4.4
Dodging        | 1 2 3 4 |  4.3
Invocations    | 3 |  3.0

Action                   |  1- 3 |  4- 6 |  7- 9 | 10-12 || total
-------------------------+-------+-------+-------+-------++-------
Melee: Flail             |   193 |   175 |   253 |       ||   621
       Mace              |       |       |    74 |   483 ||   557
       Whip              |       |       |    71 |       ||    71
Invok: Minor Destruction |       |       |       |    22 ||    22
       Lesser Servant of |       |       |       |     1 ||     1
  Use: Scroll            |     8 |     6 |     9 |     3 ||    26
       Potion            |       |       |     2 |    11 ||    13
 Stab: Invisible         |       |       |       |     5 ||     5
       Sleeping          |       |       |       |     1 ||     1
  Eat: Chunk             |     2 |     5 |    11 |     7 ||    25
       Ration            |       |       |       |     1 ||     1
Armor: Scale mail        |    23 |       |       |       ||    23
       Chain mail        |    83 |    94 |   185 |   179 ||   541
       Acid dragon scale |       |       |       |   108 ||   108
Dodge: Dodged            |    48 |    23 |    85 |   173 ||   329
Block: Shield            |    83 |    77 |   170 |   526 ||   856
       Reflection        |       |       |       |     2 ||     2
